 Dungeon Crawl Stone Soup version 0.31.0-11-ge490571c62 (webtiles) character file.

Game seed: 5553184201585392777

19 qw the Shooter (level 2, -1/16 HPs)
             Began as a Deep Elf Hunter on Feb 4, 2024.
             Slain by a kobold
             ... wielding a +0 whip
              (5 damage)
             ... on level 1 of the Dungeon.
             The game lasted 00:00:01 (149 turns).

qw the Shooter (Deep Elf Hunter)                     Turns: 149, Time: 00:00:01

Health: -1/16      AC:  3    Str:  8    XL:     2   Next: 55%
Magic:  4/4        EV: 12    Int: 13    God:
Gold:   0          SH:  0    Dex: 18    Spells: 1/1 levels left

rFire   . . .        a - +0 shortbow
rCold   . . .        (shield currently unavailable)
rNeg    . . .        c - +0 leather armour
rPois   .            (no helmet)
rElec   .            (no cloak)
rCorr   .            (no gloves)
SInv    .            (no boots)
Will    .....        (no amulet)
Stlth   ++           (no ring)
HPRegen 0.22/turn    (no ring)
MPRegen 0.09/turn

%: no passive effects
@: no status effects
A: no striking features
a: no special abilities


You were on level 1 of the Dungeon.
You visited 1 branch of the dungeon, and saw 1 of its levels.


   Skills:
 - Level 1.5 Fighting
 + Level 6.3 Ranged Weapons
 - Level 2.4 Dodging
 - Level 1.2 Stealth


You had one spell level left.
You didn't know any spells.
Your spell library was empty.

Inventory:

Hand Weapons
 a - a +0 shortbow (weapon)
Armour
 c - a +0 leather armour (worn)
Jewellery
 d - a ring of flight
Scrolls
 b - a scroll of butterflies
 f - 2 scrolls of identify {unknown}
Potions
 e - 2 potions of curing {unknown}
 g - 2 potions of might {unknown}

Dungeon Overview and Level Annotations

Branches:
Dungeon (1/15)

Altars:


Message History

You kill the goblin!
You hear a shout! x4 3 kobolds come into view.
The kobold throws a stone.
The stone hits you.
You shoot an arrow. The arrow hits the kobold.
The kobold is severely wounded.
A hobgoblin comes into view.
The kobold throws a stone.
The stone misses you.
You shoot an arrow. The arrow closely misses the kobold.
The kobold throws a stone.
The stone closely misses you.
You shoot an arrow. The arrow hits the kobold.
You kill the kobold!
You shoot an arrow. The arrow barely misses the kobold.
You shoot an arrow. The arrow hits the kobold.
The kobold is severely wounded.
The kobold hits you with a +0 short sword.
You shoot an arrow. The arrow barely misses the kobold.
The kobold hits you with a +0 short sword.
You shoot an arrow. The arrow hits the kobold!
You kill the kobold!
The kobold hits you with a +0 whip. The hobgoblin barely misses you.
The kobold hits you but does no damage.
You shoot an arrow.
The arrow hits the kobold but does no damage.
The kobold hits you but does no damage. The hobgoblin barely misses you.
You shoot an arrow. The arrow barely misses the kobold.
The hobgoblin barely misses you. The kobold hits you with a +0 whip.
You shoot an arrow. The arrow barely misses the kobold.
The hobgoblin hits you. The kobold hits you but does no damage.
You shoot an arrow. The arrow hits the kobold.
The kobold is severely wounded.
The hobgoblin hits you. The kobold barely misses you.
You shoot an arrow. The arrow closely misses the kobold.
The kobold barely misses you. The hobgoblin barely misses you.
You shoot an arrow.
The arrow hits the kobold but does no damage.
The kobold is severely wounded.
The hobgoblin barely misses you. The kobold hits you but does no damage.
The kobold hits you with a +0 whip.
You die...

........#..............#
........#................
........######...........
...^..##### ###.........
...##.....## .......
...######..## .......
...# ##..## ....... ####
##..####.......
##....@K......
######g...... .......
.)..... .....). .......
#...... #.....


You could see a hobgoblin and a kobold.

Vanquished Creatures
  2 bats (D:1)
  A giant cockroach (D:1)
  2 goblins (D:1)
  2 hobgoblins (D:1)
  2 quokkas (D:1)
  2 ball pythons (D:1)
  2 frilled lizards (D:1)
  4 kobolds (D:1)
  A rat (D:1)
18 creatures vanquished.

Notes
Turn   | Place    | Note
-------+----------+-------------------------------------------
     0 | D:1      | qw the Deep Elf Hunter began the quest for the Orb.
     0 | D:1      | Reached XP level 1. HP: 12/12 MP: 3/3
     0 | D:1      | 0 ||| qw: Version: 0.3-a-160-g6735b56
     0 | D:1      | 0 ||| qw: Game counter: 4571
     0 | D:1      | 0 ||| qw: Melee chars always use a shield: true
     0 | D:1      | 0 ||| qw: God list: Okawaru
     0 | D:1      | 0 ||| qw: Allow faded altars: false
     0 | D:1      | 0 ||| qw: Do Orc after clearing Dungeon:15 true
     0 | D:1      | 0 ||| qw: Do second Lair branch before Depths: true
     0 | D:1      | 0 ||| qw: Lair rune preference: random
     0 | D:1      | 0 ||| qw: Goals: Normal
     0 | D:1      | 0 ||| PLANNING D:1-11
    53 | D:1      | Reached XP level 2. HP: 16/16 MP: 4/4
    56 | D:1      | Reached skill level 6 in Ranged Weapons
   147 | D:1      | HP: 3/16 [hobgoblin (3)]
   149 | D:1      | Slain by a kobold

Levels and vault maps discovered:
D:1:      dpeg_arrival_line_fractal, layout_rooms, chequers_mini_garden

Skill      XL: |  1  2 |
---------------+-------+-----
Ranged Weapons | 6 |  6.3
Fighting       | |  1.5
Dodging        | |  2.4
Stealth        | |  1.2

Action                     || total
---------------------------++-------
   Fire: Shortbow          ||    60
 Armour: Leather armour    ||    17
  Dodge: Dodged            ||    21

Table legend:
 A = Non-vault XP
 B = Vault XP
 C = Vault XP percentage of total XP
 D = Non-vault monster count
 E = Vault monster count
 F = Vault count percentage of total count
                 A         B        C        D         E       F
            +---------+---------+-------+---------+---------+-------
      Total |      28 |       0 |   0.0 |      18 |       0 |   0.0
            +---------+---------+-------+---------+---------+-------
        D:1 |      28 |       0 |   0.0 |      18 |       0 |   0.0
            +---------+---------+-------+---------+---------+-------
